 Dungeon Crawl Stone Soup version 0.19-a0-867-g949743d (webtiles) character file.

1406 matakusis the Ducker (level 8, 0/64 HPs)
             Began as a Demonspawn Gladiator on July 3, 2016.
             Was a Follower of Hepliaklqana.
             Slain by a sky beast (6 damage)
             ... on level 7 of the Dungeon.
             The game lasted 00:19:09 (5492 turns).

matakusis the Ducker (Demonspawn Gladiator)         Turns: 5492, Time: 00:19:09

Health: 0/64       AC:  7    Str: 27    XL:     8   Next: 42%
Magic:  8/8        EV: 15    Int:  9    God:    Hepliaklqana [*.....]
Gold:   368        SH:  4    Dex: 16    Spells: 0 memorised, 7 levels left

rFire  . . .     SeeInvis .     a - +1 long sword
rCold  + . .     Gourm    .     m - +0 leather armour of Zaeluci {*Corrode MR+ Regen+ Str+6}
rNeg   . . .     Faith    .     s - +1 buckler
rPois  +         Spirit   .     (helmet restricted)
rElec  .         Dismiss  .     q - +0 cloak
rCorr  .         Reflect  .     (no gloves)
SustAt .         Harm     .     (no boots)
MR     +....                    (no amulet)
Stlth  +.........               (no ring)
                                (no ring)

@: mighty, drained, somewhat resistant to hostile enchantments, very unstealthy
A: horns 1, thin metallic scales 2, cold resistance 1, poison resistance,
powered by death 1, rot immunity, subdued magic 1
a: Recall Ancestor, Ancestor Identity, Renounce Religion


You were on level 7 of the Dungeon.
You worshipped Hepliaklqana.
Hepliaklqana was aware of your devotion.
You were not hungry.

You visited 2 branches of the dungeon, and saw 8 of its levels.

You collected 368 gold pieces.

Inventory:

Hand Weapons
 a - a +1 long sword (weapon)
 t - the +8 dagger of Wounding {pierce, *Drain +Rage rN+++ Stlth-}
   (You found it on level 5 of the Dungeon)

   It inflicts extra damage upon your enemies.
   It renders you almost immune to negative energy.
   It lets you go berserk.
   It causes draining when unequipped.
   It makes you less stealthy.
Missiles
 d - 5 throwing nets (quivered)
Armour
 m - the +0 leather armour of Zaeluci (worn) {*Corrode MR+ Regen+ Str+6}
   (You found it on level 4 of the Dungeon)

   It affects your strength (+6).
   It affects your resistance to hostile enchantments.
   It increases your rate of regeneration.
   It may corrode you when you take damage.
 q - a +0 cloak (worn)
 s - a +1 buckler (worn)
Wands
 w - a wand of slowing (19/48)
 x - a wand of random effects (11/48)
Scrolls
 c - a scroll of blinking
 e - 5 scrolls of fear
 h - 2 scrolls of immolation
 k - 2 scrolls of identify
 l - 4 scrolls of teleportation
 o - a scroll of noise {unknown}
 r - a scroll of magic mapping
Potions
 g - 2 potions of might
 i - 2 potions of lignification
 u - a potion of agility
Books
 b - a book of Flames

   Spells                             Type                      Level
   a - Flame Tongue                   Conjuration/Fire             1
   b - Throw Flame                    Conjuration/Fire             2
   c - Conjure Flame                  Conjuration/Fire             3
   d - Inner Flame                    Hexes/Fire                   3
   e - Sticky Flame                   Conjuration/Fire             4
   f - Fireball                       Conjuration/Fire             5
Comestibles
 f - 6 bread rations
 j - a beef jerky
 n - 3 meat rations
 p - 3 fruits
 v - a slice of pizza
 z - a royal jelly


   Skills:
 * Level 6.0(4.9) Fighting
 - Level 0.6(1.8) Short Blades
 + Level 4.5(3.4) Long Blades
 - Level 1.7(0.7) Throwing
 * Level 7.4(6.2) Dodging
 * Level 0.5(0.0) Shields


You had 7 spell levels left.
You didn't know any spells.

Dungeon Overview and Level Annotations

Branches:
Dungeon (7/15)             Temple (1/1) D:5

Altars:
Cheibriados
Dithmenos
Fedhas
Gozag
Hepliaklqana
Makhleb
Nemelex Xobeh
Okawaru
Pakellas
Qazlal
Ru
Sif Muna
Trog
Uskayaw
Vehumet
Yredelemnul
The Shining One


Innate Abilities, Weirdness & Mutations

You have a pair of small horns on your head.
You are mostly covered in thin metallic scales. (AC +3)
You regenerate a little health from kills.
You are immune to rotting.
Your flesh is cold resistant. (rC+)
Your system is resistant to poisons. (rPois)
Your spells are a little easier to cast, but a little less powerful.


Message History

* * * LOW HITPOINT WARNING * * *
The phantom misses Appia.
You barely miss something. You headbutt something. Something barely misses you.
Appia misses something.
The phantom hits Appia!
Unknown command.
You closely miss something. Something completely misses you.
Appia hits the phantom.
The phantom barely misses Appia.
Something hits you but does no damage.
Appia hits the phantom.
The phantom is destroyed!
Unknown command.
You feel very mighty all of a sudden. Something hits you.
* * * LOW HITPOINT WARNING * * *
Something shocks you.
* * * LOW HITPOINT WARNING * * *
Appia misses something.
You miss something.
Appia hits something.
Something hits you.
* * * LOW HITPOINT WARNING * * *
Something shocks you.
You die...

... .... .......#.##
...... #..# #.###..#.##
...... #..###...#..#.#
......#.............##
.....#...............
#####.............#.#.##
.......##..###.#..#.#.#
.##....{R.............##
.......@#..#.#.#..#.....
........#..#.#.#..###.#.
...###..#..#.#.#..# #.#.
.. #..#..#.#.#..# #.#.
#..#..#.#.#..# #.#.
#.......#.#..# #.#.
...#..#.#.#..# #.#.
....[........###+##
.##..#.#.#........


You could see the friendly Appia the ancestor.

Vanquished Creatures
  An ice beast (D:5)
  2 phantoms
  An ogre (D:6)
  A centaur (D:5)
  Blork the orc (D:5)
  A gnoll sergeant (D:5)
  2 scorpions
  A centaur skeleton (D:3)
  A hound (D:4)
  A jelly (D:6)
  3 orc priests
  An orc wizard (D:6)
  A giant frog skeleton (D:6)
  2 worker ants
  Ijyb (D:2)
  An iguana (D:5)
  A hound skeleton (D:6)
  6 gnolls (D:5)
  9 adders
  A shadow imp (D:5)
  An ooze (D:1)
  2 adder skeletons
  2 worms
  2 dart slugs
  13 orcs
  A ball python (D:2)
  3 giant cockroaches (D:3)
  5 goblins
  5 hobgoblins
  8 jackals
  A quokka (D:2)
  7 bats
  5 giant newts
  5 kobolds
  7 rats
  A spectral orc (D:5)
106 creatures vanquished.

Vanquished Creatures (collateral kills)
  A phantom (D:7)
  A giant frog (D:6)
  2 orcs
  A quokka (D:6)
5 creatures vanquished.

Grand Total: 111 creatures vanquished

Notes
Turn   | Place    | Note
-------+----------+-------------------------------------------
     0 | D:1      | matakusis the Demonspawn Gladiator began the quest for the Orb.
     0 | D:1      | Reached XP level 1. HP: 16/16 MP: 1/1
    84 | D:1      | Gained mutation: You regenerate a little health from kills. [demonic ancestry]
    84 | D:1      | Reached XP level 2. HP: 21/22 MP: 2/2
   328 | D:1      | Reached skill level 3 in Dodging
   342 | D:1      | Found a sparkling altar of Nemelex Xobeh.
   768 | D:2      | Noticed Ijyb
   788 | D:2      | Killed Ijyb
   788 | D:2      | Gained mutation: You are immune to rotting. [demonic ancestry]
   788 | D:2      | Reached XP level 3. HP: 13/28 MP: 3/3
  1467 | D:2      | Gained mutation: You are partially covered in thin metallic scales. (AC +2) [demonic ancestry]
  1467 | D:2      | Reached XP level 4. HP: 33/34 MP: 4/4
  2005 | D:3      | Noticed a phantom
  2060 | D:3      | Killed a phantom
  2060 | D:3      | Reached skill level 4 in Dodging
  2060 | D:3      | Reached XP level 5. HP: 16/41 MP: 5/5
  2591 | D:3      | Found a glowing golden altar of the Shining One.
  2998 | D:4      | Gained mutation: Your system is resistant to poisons. (rPois) [potion of mutation]
  2998 | D:4      | Gained mutation: Your spells are a little easier to cast, but a little less powerful. [potion of mutation]
  2998 | D:4      | Gained mutation: Your flesh is cold resistant. (rC+) [potion of mutation]
  3040 | D:4      | Gained mutation: You have a pair of small horns on your head. [demonic ancestry]
  3040 | D:4      | Reached XP level 6. HP: 39/48 MP: 6/6
  3245 | D:4      | Got a bloodstained leather armour
  3256 | D:4      | Identified the +0 leather armour of Zaeluci {*Corrode MR+ Regen+ Str+6} (You found it on level 4 of the Dungeon)
  3618 | D:5      | Entered Level 5 of the Dungeon
  3618 | D:5      | Noticed an ice beast
  3626 | D:5      | Killed an ice beast
  3626 | D:5      | Reached skill level 5 in Dodging
  3635 | D:5      | Gained mutation: You are mostly covered in thin metallic scales. (AC +3) [demonic ancestry]
  3635 | D:5      | Reached XP level 7. HP: 17/55 MP: 7/7
  3729 | D:5      | Found a staircase to the Ecumenical Temple.
  3738 | Temple   | Entered the Ecumenical Temple
  3851 | D:5      | Found an oddly glowing altar of Pakellas.
  3860 | D:5      | Noticed Blork the orc
  3876 | D:5      | Killed Blork the orc
  4021 | D:5      | Got an ichor-stained dagger
  4022 | D:5      | Identified the +8 dagger of Wounding {pierce, *Drain +Rage rN+++ Stlth-} (You found it on level 5 of the Dungeon)
  4076 | D:5      | Reached skill level 5 in Fighting
  4091 | D:5      | Reached skill level 6 in Dodging
  4206 | D:5      | Found a basalt altar of Yredelemnul.
  4454 | D:5      | Found a deep blue altar of Sif Muna.
  4474 | D:5      | Found a snail-covered altar of Cheibriados.
  4499 | D:5      | Found a hazy altar of Hepliaklqana.
  4504 | D:5      | Became a worshipper of Hepliaklqana
  4737 | D:6      | Found a hide-covered altar of Uskayaw.
  4751 | D:6      | Reached XP level 8. HP: 43/64 MP: 8/8
  5183 | D:6      | Reached skill level 7 in Dodging
  5431 | D:7      | Found a burning altar of Makhleb.
  5452 | D:7      | Reached * piety under Hepliaklqana
  5492 | D:7      | Slain by a sky beast

Vault maps used:
D:1:      evilmike_arrival_crescent, nemelex_diamond_rough_becter
D:2:      uniq_iyjb
D:3:      lemuel_coloured_pillars_altar
D:4:      first_bread
D:5:      kennysheep_mini, cheibriados_altar_wand_db, kennysheep_little_box,
          yredelemnul_forgotten_temple_becter, basic_altar, uniq_blork_the_orc
D:6:      eat_drink_and_be_merry_uskayaw
D:7:      amethyst_overflow_temple_binary, serial_shops, kennysheep_mini_moat,
          bloody_makhleb
Temple:   jpeg_temple_island

Skill      XL: |  1  2  3  4  5  6  7  8 |
---------------+-------------------------+-----
Long Blades    | 3 4 |  4.5
Dodging        | 3 4 5 6 7 |  7.4
Fighting       | 3 4 5 6 |  6.0
Short Blades   | |  0.6
Throwing       | |  1.7
Shields        | |  0.5

Action                   |  1- 3 |  4- 6 |  7- 9 || total
-------------------------+-------+-------+-------++-------
Melee: Long sword        |   117 |   167 |    47 ||   331
       Headbutt          |       |     7 |    32 ||    39
       Dagger            |       |       |   110 ||   110
  Use: Potion            |       |     6 |     2 ||     8
       Scroll            |       |     5 |     4 ||     9
 Stab: Sleeping          |     2 |     1 |     1 ||     4
  Eat: Chunk             |     2 |     7 |     7 ||    16
Armor: Leather armour    |    26 |    32 |    33 ||    91
       Skin              |       |    15 |     3 ||    18
Dodge: Dodged            |    63 |   111 |    94 ||   268
Block: Buckler           |       |       |    19 ||    19
